 Dungeon Crawl Stone Soup version 0.31-a0-365-gcf821ca (webtiles) character file.

Game seed: 13513213721666153412

28 Dorkslayer the Ruffian (level 3, -2/23 HPs)
             Began as an Octopode Shapeshifter on July 27, 2023.
             Slain by a goblin
             ... wielding a +0 dagger
             ... led by Robin
              (4 damage)
             ... on level 2 of the Dungeon.
             The game lasted 00:02:07 (685 turns).

Dorkslayer the Ruffian (Octopode Shapeshifter)       Turns: 685, Time: 00:02:08

Health: -2/23      AC:  1    Str: 16    XL:     3   Next: 14%
Magic:  3/3        EV: 13    Int: 10    God:
Gold:   55         SH:  0    Dex: 12    Spells: 2/2 levels left

rFire   + .          .
                       - Unarmed
rCold   + . .        (no shield)
rNeg    . . .        (helmet currently unavailable)
rPois   +            (no amulet)
rElec   +            (no ring)
rCorr   +            (no ring)
SInv    .            (no ring)
Will    .....        (no ring)
Stlth   +++          (no ring)
HPRegen 0.23/turn    (no ring)
MPRegen 0.08/turn    (no ring)
                     (no ring)

%: no passive effects
@: beast-form, resistant
A: beast (slay +2), almost no armour, amphibious, 8 rings, camouflage 1,
gelatinous body 1, (nimble swimmer 1), tentacles
a: Begin Untransformation


You were on level 2 of the Dungeon.
You were a hulking beast.
You visited 1 branch of the dungeon, and saw 2 of its levels.

You collected 55 gold pieces.

Inventory:

Missiles
 e - 2 curare-tipped darts (quivered)
Talismans
 b - a beast talisman
Scrolls
 f - 2 scrolls of enchant weapon
Potions
 a - 2 potions of lignification
 c - 2 potions of resistance


   Skills:
 + Level 1.0 Fighting
 + Level 2.0 Dodging
 + Level 1.2 Stealth
 + Level 3.5 Unarmed Combat
 + Level 3.4 Shapeshifting


You had 2 spell levels left.
You didn't know any spells.
Your spell library was empty.

Dungeon Overview and Level Annotations

Branches:
Dungeon (2/15)

Altars:

Annotations:
D:2 Robin


Innate Abilities, Weirdness & Mutations

You are a hulking beast.
Your limbs bulge with bestial killing power. (Slay +2)
You cannot wear most types of armour.
You are amphibious.
You can wear up to eight rings at the same time.
Your skin changes colour to match your surroundings (Stealth+).
Your rubbery body absorbs attacks. (AC +1, EV +1)
((You are camouflaged when in or above water. (Stealth+)))
You have tentacles for arms and can constrict up to eight enemies at once.


Message History

* * * LOW HITPOINT WARNING * * *
The hobgoblin barely misses you.
You release your grip on the hobgoblin.
The hobgoblin attacks as you move away! The hobgoblin hits you.
* * * LOW HITPOINT WARNING * * *
The hobgoblin attacks as you move away! The hobgoblin closely misses you.
A hobgoblin and a goblin come into view.
The hobgoblin shouts!
You hear a shout!
A goblin comes into view. It is wielding a +0 club.
It was a potion of resistance.
You feel protected.
A hobgoblin comes into view.
The goblin unwields a +0 dagger.
The goblin wields a +0 sling.
The goblin shoots a sling bullet.
The sling bullet barely misses you.
You hear a shout!
It was a potion of curing.
You feel better. The hobgoblin closely misses you.
The goblin hits you but does no damage.
The goblin shoots a sling bullet.
The sling bullet hits you.
You hear a shout!
Okay, then.
The hobgoblin attacks as you move away! The hobgoblin hits you.
* * * LOW HITPOINT WARNING * * *
Unknown command.
Unknown command.
Throw: 4 darts (curare)
Press: ? - help, Q - select action Shift-Dir - straight line, f - hobgoblin
Aim: a hobgoblin (strong, 56% to hit)
You throw a curare-tipped dart.
The curare-tipped dart closely misses the hobgoblin.
The curare-tipped dart barely misses the goblin.
A goblin comes into view. It is wielding a +0 dagger.
The hobgoblin barely misses you. The goblin closely misses you.
Throw: 3 darts (curare)
Press: ? - help, Q - select action Shift-Dir - straight line, f/p - hobgoblin
Aim: a hobgoblin (strong, 57% to hit)
You throw a curare-tipped dart.
The curare-tipped dart closely misses the hobgoblin.
The curare-tipped dart closely misses the goblin.
The hobgoblin closely misses you. The goblin hits you with a +0 dagger.
You die...

#.##.#.#.# ###
#........#####
#.##.........##
#.##.#.####...##
#.##.#.###.#.#.########
#.##.#.)..g..g....g...g
#.##<#..##.#.#g######..
#.##.#.g###.g......g.gg
..(....gghgggg.#######?
############g### #.#
#.. ####


You could see Robin, 4 hobgoblins and 6 goblins.

Vanquished Creatures
  2 dart slugs (D:1)
  2 ball pythons (D:1)
  A bat (D:1)
  3 endoplasms (D:1)
  2 giant cockroaches (D:1)
  3 goblins
  A hobgoblin (D:2)
  A quokka (D:1)
  3 frilled lizards (D:1)
  4 rats (D:1)
22 creatures vanquished.

Notes
Turn   | Place    | Note
-------+----------+-------------------------------------------
     0 | D:1      | Dorkslayer the Octopode Shapeshifter began the quest for
                  | the Orb.
     0 | D:1      | Reached XP level 1. HP: 13/13 MP: 1/1
   186 | D:1      | Reached XP level 2. HP: 16/18 MP: 2/2
   485 | D:1      | Reached XP level 3. HP: 23/23 MP: 3/3
   523 | D:1      | Reached skill level 1 in Stealth
   664 | D:2      | Noticed Robin
   679 | D:2      | HP: 1/23 [hobgoblin[Robin] (5)]
   685 | D:2      | Slain by a goblin

Illustrated notes

Levels and vault maps discovered:
D:1:      wander_arrival_estate, layout_basic
D:2:      wad_pebble_path, layout_loops_ring, minmay_vboxes, uniq_robin

Skill      XL: |  1  2  3 |
---------------+----------+-----
Stealth        | 1 |  1.2
Fighting       | |  1.0
Dodging        | |  2.0
Unarmed Combat | |  3.5
Shapeshifting  | |  3.4

Action                     || total
---------------------------++-------
  Melee: Unarmed           ||    34
         Constrict         ||     8
         Punch             ||     2
         Tentacles         ||     7
  Throw: Dart              ||     2
    Use: Scroll            ||     2
         Potion            ||     2
   Stab: Sleeping          ||     5
 Armour: Skin              ||     2
  Dodge: Dodged            ||    21

Table legend: (Time is in decaauts)
 A = Elapsed time spent in this place.
 B = Non-inter-level travel time spent in this place.
 C = Inter-level travel time spent in this place.
 D = Time resting spent in this place.
 E = Time spent auto-exploring this place.
 F = Levels seen in this place.
 G = Mean time per level.
                   A        B        C        D        E       F      G
               +--------+--------+--------+--------+--------+-----+--------+
         Total |    682 |    682 |      0 |      0 |    223 |   2 |  341.0 |
       Dungeon |    682 |    682 |      0 |      0 |    223 |   2 |  341.0 |
               +--------+--------+--------+--------+--------+-----+--------+

Top non-repeatable levels by time:
     D:1: 607 daAuts
     D:2: 75 daAuts
